 Dungeon Crawl Stone Soup version 0.31-a0-542-gdc2a67831c (webtiles) character file.

Game seed: 14793845157750513980

521 heikuro the Shield-Bearer (level 7, -7/55 HPs)
             Began as a Formicid Fighter on Aug 15, 2023.
             Was an Initiate of Okawaru.
             Killed by divine providence
             ... invoked by a smoke demon
              (11 damage)
             ... on level 1 of the Abyss.
             The game lasted 00:08:33 (3312 turns).

heikuro the Shield-Bearer (Formicid Fighter)        Turns: 3312, Time: 00:08:33

Health: -7/55      AC: 12    Str: 29    XL:     7   Next: 46%
Magic:  7/7        EV:  7    Int:  7    God:    Okawaru [......]
Gold:   351        SH:  5    Dex: 13    Spells: 6/6 levels left

rFire   + . .        u - +2 hand axe (drain)
rCold   . . .        c - +0 buckler
rNeg    . . .        h - +0 plate armour
rPois   .            (helmet unavailable)
rElec   .            (no cloak)
rCorr   .            (no gloves)
SInv    +            (no boots)
Will    .....        (no amulet) Stlth
                     g - +6 ring of strength
HPRegen 0.29/turn    v - ring of protection from fire
MPRegen 0.10/turn

%: no passive effects
@: no status effects
A: permanent stasis, dig shafts and tunnels, antennae 3, four strong arms
a: Dig, Shaft Self, Renounce Religion


You were on level 1 of the Abyss.
You worshipped Okawaru.
Okawaru was noncommittal.
You visited 2 branches of the dungeon, and saw 5 of its levels.
You visited the Abyss 1 time.

You collected 351 gold pieces.

Inventory:

Hand Weapons
 a - a +0 war axe
 u - a +2 hand axe of draining (weapon)
Missiles
 s - 4 poisoned darts
Armour
 c - a +0 buckler (worn)
 h - a +0 plate armour (worn)
Jewellery
 g - a +6 ring of strength (left hand)
 v - a ring of protection from fire (right hand)
Wands
 x - a wand of charming (8)
Scrolls
 e - 2 scrolls of fog {unknown}
 f - a scroll of torment {unknown}
 i - 2 scrolls of identify
 l - 2 scrolls of teleportation {unknown}
 m - a scroll of acquirement {unknown}
 n - 2 scrolls of poison {unknown}
 p - 2 scrolls of enchant weapon {unknown}
 q - a scroll of immolation {unknown}
 r - a scroll of vulnerability {unknown}
 t - a scroll of revelation {unknown}
 w - a scroll of butterflies {unknown}
Potions
 b - 2 potions of brilliance
 d - a potion of might
 j - a potion of heal wounds
 k - a potion of invisibility
 o - a potion of degeneration {unknown}


   Skills:
 + Level 4.9 Fighting
 * Level 5.0 Axes
 + Level 4.8 Armour
 + Level 5.8 Shields
 + Level 0.1 Invocations
 + Level 0.1 Evocations


You had 6 spell levels left.
You didn't know any spells.
Your spell library contained the following spells:

 Spells                   Type           Power      Damage    Failure   Level
 Apportation              Tloc           0%         N/A       99%         1
 Shock                    Conj/Air       0%         1d3       99%         1
 Inner Flame              Hex/Fire       0%         N/A       100%        3
 Airstrike                Air            0%         2d(0-16)  100%        4
 Flame Wave               Conj/Fire      0%         2d4       100%        4
 Manifold Assault         Tloc           0%         N/A       100%        4
 Sticky Flame             Conj/Fire      0%         2d3       100%        4
 Alistair's Intoxication  Tmut/Pois      0%         N/A       100%        5
 Blink                    Tloc           Unusable   N/A       N/A         2
 Swiftness                Air            Unusable   N/A       N/A         3

Dungeon Overview and Level Annotations

Branches:
Dungeon (4/15)             Temple (1/1) D:4

Altars:
Ashenzari
Cheibriados
Dithmenos
Elyvilon
Fedhas
Gozag
Hepliaklqana
Kikubaaqudgha
Makhleb
Nemelex Xobeh
Okawaru
Qazlal
Ru
Sif Muna
Trog
Uskayaw
Vehumet
Wu Jian
Xom
Yredelemnul
The Shining One

Shops:
D:4 [*(

Annotations:
D:3 3 runed translucent doors, LeprechaunX's ghost, amateur OpSh


Innate Abilities, Weirdness & Mutations

You cannot be hasted, slowed, berserked, paralysed or teleported.
You can dig through walls and to a lower floor.
You have a pair of large antennae on your head. (SInv)
Your four strong arms can wield two-handed weapons with a shield.


Message History

The smoke demon is moderately wounded.
You are covered in liquid flames!
The smoke demon hits you but does no damage. x3
Unknown command.
You barely miss the smoke demon.
The smoke demon is moderately wounded.
You are covered in liquid flames!
You are no longer on fire.
The smoke demon hits you but does no damage.
The smoke demon hits you. x2
* * * LOW HITPOINT WARNING * * *
You barely miss the smoke demon.
The smoke demon is moderately wounded.
The smoke demon hits you but does no damage.
The smoke demon barely misses you.
The smoke demon hits you but does no damage.
Unknown command.
You hit the smoke demon but do no damage.
The smoke demon is moderately wounded.
The smoke demon gestures at you. The ball of steam hits you. You resist.
* * * LOW HITPOINT WARNING * * *
Unknown command.
You closely miss the smoke demon.
The smoke demon is moderately wounded.
The smoke demon hits you.
* * * LOW HITPOINT WARNING * * *
The smoke demon hits you but does no damage. x2
Unknown command.
You hit the smoke demon.
The smoke demon is moderately wounded.
The smoke demon hits you but does no damage.
The smoke demon closely misses you.
The smoke demon hits you but does no damage.
Unknown command.
You barely miss the smoke demon.
The smoke demon is moderately wounded.
The smoke demon gestures at you. Something smites you!
You die...

. . . . .. # .# .
# # # ## # .#.#.#
. ... ## .... ..
. .... ### . .###
. ... . #..
##.##..... ......
#..###.#§..# ....
.##....3@§§#
#######...#######
.#.. ##..# .#..#
{ .... ..#.. ..
.. . ## # #
.......# ###..#
§§#...... ..#.#
.. . . . {.# . ..
. . . ..#


You could see a smoke demon.

Vanquished Creatures
  An ice beast (D:4)
  A scorpion (D:4)
  An orc priest (D:4)
  A jelly (D:3)
  An iguana (D:3)
  Natasha (thrice) (D:3)
  An orc wizard (D:4)
  Robin (D:4)
  7 adders
  3 worms
  A dart slug (D:1)
  4 orcs
  9 endoplasms
  3 giant cockroaches
  8 goblins
  10 hobgoblins
  2 jackals (D:2)
  4 quokkas
  9 ball pythons
  7 bats
  5 frilled lizards
  6 kobolds
  4 rats
92 creatures vanquished.

Vanquished Creatures (others)
  An iron imp (Abyss:1)
1 creature vanquished.

Grand Total: 93 creatures vanquished

Notes
Turn   | Place    | Note
-------+----------+-------------------------------------------
     0 | D:1      | heikuro the Formicid Fighter began the quest for the Orb.
     0 | D:1      | Reached XP level 1. HP: 18/18 MP: 1/1
   161 | D:1      | Reached XP level 2. HP: 24/24 MP: 2/2
   318 | D:1      | Reached XP level 3. HP: 29/29 MP: 3/3
   659 | D:2      | Reached XP level 4. HP: 36/37 MP: 4/4
  1394 | D:3      | Reached XP level 5. HP: 41/42 MP: 5/5
  1515 | D:3      | Reached skill level 5 in Shields
  1631 | D:3      | Found a runed translucent gate.
  1631 | D:3      | Found a runed translucent gate.
  1631 | D:3      | Found a runed translucent gate.
  1820 | D:3      | Found a faded altar of an unknown god.
  1883 | D:3      | Noticed Natasha
  1888 | D:3      | Killed Natasha
  1889 | D:3      | Reached XP level 6. HP: 48/48 MP: 6/6
  1899 | D:3      | Noticed LeprechaunX's ghost (amateur OpSh)
  1937 | D:3      | Noticed Natasha
  1945 | D:3      | Killed Natasha
  2185 | D:3      | Noticed Natasha
  2192 | D:3      | Killed Natasha
  2362 | D:4      | Found Irghok's General Store.
  2362 | D:4      | Found Soeth's Antique Armour Boutique.
  2364 | D:4      | Found Laiwosa's Weapon Boutique.
  2621 | D:4      | Noticed an ice beast
  2625 | D:4      | Killed an ice beast
  2769 | D:4      | Reached XP level 7. HP: 32/55 MP: 7/7
  2995 | D:4      | Reached skill level 5 in Axes
  3044 | D:4      | Noticed Robin
  3057 | D:4      | Killed Robin
  3134 | D:4      | Found a staircase to the Ecumenical Temple.
  3143 | Temple   | Entered the Ecumenical Temple
  3157 | Temple   | Became a worshipper of Warmaster Okawaru
  3231 | Abyss:1  | Cast into level 1 of the Abyss (gnoll)
  3259 | Abyss:1  | Noticed a fire bat
  3259 | Abyss:1  | Noticed a fire bat
  3259 | Abyss:1  | Noticed a fire bat
  3277 | Abyss:1  | Noticed a smoke demon
  3312 | Abyss:1  | Killed from afar by a smoke demon

Illustrated notes

Levels and vault maps discovered:
D:1:      matt_arrival_los_fun, layout_rooms
D:2:      layout_basic, minmay_fractal_squares_gapless_5
D:3:      layout_loops_cross, gammafunk_ghost_icy,
          chequers_ecumenical_altar_simple_redux, nicolae_half_adder,
          uniq_natasha
D:4:      layout_basic, lemuel_temple_firewalk_b, minivault_27,
          nicolae_shop_distant_corner_stores, minmay_misc_feat_ornament,
          minmay_misc_feat_secret_circle, uniq_robin, uniq_eustachio
Temple:   mainiacjoe_temple_trianglar_array
Abyss:1:  base:
D:1

Skill      XL: |  1  2  3  4  5  6  7 |
---------------+----------------------+-----
Axes           | 3 4 5 |  5.0
Fighting       | 4 |  4.9
Armour         | 4 |  4.8
Shields        | 5 |  5.8
Invocations    | |  0.1
Evocations     | |  0.1

Action                     |  1- 3 |  4- 6 |  7- 9 || total
---------------------------+-------+-------+-------++-------
  Melee: War axe           |    65 |   151 |     2 ||   218
         Hand axe          |       |       |    43 ||    43
    Use: Scroll            |     3 |     1 |       ||     4
 Armour: Scale mail        |     3 |       |       ||     3
         Plate armour      |    51 |    86 |    30 ||   167
  Dodge: Dodged            |    25 |    70 |     9 ||   104
  Block: Buckler           |    15 |    41 |     8 ||    64

Table legend: (Time is in decaauts)
 A = Elapsed time spent in this place.
 B = Non-inter-level travel time spent in this place.
 C = Inter-level travel time spent in this place.
 D = Time resting spent in this place.
 E = Time spent auto-exploring this place.
 F = Levels seen in this place.
 G = Mean time per level.
                   A        B        C        D        E       F      G
               +--------+--------+--------+--------+--------+-----+--------+
         Total |   3391 |   3106 |    285 |    386 |   1758 |   6 |  565.2 |
       Dungeon |   3282 |   3009 |    273 |    386 |   1758 |   4 |  820.5 |
        Temple |     27 |     15 |     12 |      0 |      0 |   1 |   27.0 |
         Abyss |     81 |     81 |      0 |      0 |      0 |   1 |   81.0 |
               +--------+--------+--------+--------+--------+-----+--------+

Top non-repeatable levels by time:
     D:3: 1298 daAuts
     D:4: 742 daAuts
     D:2: 675 daAuts
     D:1: 566 daAuts
 Abyss:1: 81 daAuts
  Temple: 27 daAuts
